 Dungeon Crawl Stone Soup version 0.20.1-1-g8b1a95d (webtiles) character file.

916 pstr the Conjurer (level 8, 0/43 HPs)
             Began as a Kobold Conjurer on Nov 26, 2017.
             Was a Follower of Cheibriados.
             Slain by Edmund
             ... wielding a +4 flail of protection
              (9 damage)
             ... on level 4 of the Dungeon.
             The game lasted 00:13:31 (5580 turns).

pstr the Conjurer (Kobold Conjurer)                 Turns: 5580, Time: 00:13:32

Health: 0/43       AC:  7    Str:  9    XL:     8   Next: 30%
Magic:  2/15       EV: 15    Int: 21    God:    Cheibriados [*.....]
Gold:   189        SH:  0    Dex: 18    Spells: 14/17 levels left

rFire    + . .     SeeInvis .   s - +0 dagger
rCold    + . .     Gourm    .   (shield restricted)
rNeg     . . .     Faith    .   d - +0 ring mail
rPois    +         Spirit   .   (no helmet)
rElec    +         Reflect  .   (no cloak)
rCorr    +         Harm     .   q - +0 pair of gloves (curse)
MR       .....                  m - +0 pair of boots
Stlth    ++........             (no amulet)
Regen    0.2/turn               (no ring)
MPRegen  0.2/turn               (no ring)

@: resistant, very slightly contaminated, very slow
A: carnivore 3
a: Bend Time, Renounce Religion


You were on level 4 of the Dungeon.
You worshipped Cheibriados.
Cheibriados was aware of your devotion.
You were completely stuffed.

You visited 2 branches of the dungeon, and saw 5 of its levels.

You collected 189 gold pieces.

Inventory:

Hand Weapons
 s - a +0 dagger (weapon)
Missiles
 e - 126 stones (quivered)
Armour
 a - a +0 robe
 d - a +0 ring mail (worn)
 m - a +0 pair of boots (worn)
 q - a cursed +0 pair of gloves (worn)
Jewellery
 j - an uncursed ring of resist corrosion {unknown}
Wands
 r - a wand of iceblast (9/15)
Scrolls
 i - 2 scrolls of remove curse {unknown}
 k - a scroll of fog {unknown}
 l - a scroll of enchant armour {unknown}
 n - 4 scrolls of identify {unknown}
 o - 4 scrolls of teleportation {unknown}
 t - a scroll of fear {unknown}
Books
 b - a book of Conjurations

   Spells                             Type                      Level
   a - Magic Dart                     Conjuration                  1
   b - Searing Ray                    Conjuration                  2
   c - Dazzling Spray                 Conjuration/Hexes            3
   d - Fulminant Prism                Conjuration/Hexes            4
   e - Force Lance                    Conjuration/Translocation    4
   f - Iskenderun's Mystic Blast      Conjuration                  4
Comestibles
 c - 2 meat rations
 f - 2 chunks of flesh
 p - a royal jelly


   Skills:
 + Level 1.3 Fighting
 + Level 2.0 Short Blades
 + Level 1.5 Armour
 + Level 5.0 Dodging
 + Level 3.9 Stealth
 + Level 5.1 Spellcasting
 + Level 6.6 Conjurations


You had 14 spell levels left.
You knew the following spells:

 Your Spells              Type           Power        Failure   Level  Hunger
a - Magic Dart            Conj           ####         1%          1    None
b - Searing Ray           Conj           ####..       2%          2    None


Dungeon Overview and Level Annotations

Branches:
Dungeon (4/15)             Temple (1/1) D:4

Altars:
Ashenzari
Cheibriados
Dithmenos
Elyvilon
Fedhas
Gozag
Hepliaklqana
Nemelex Xobeh
Okawaru
Ru
Uskayaw
Vehumet
The Shining One

Shops:
D:4 :

Annotations:
D:4 Edmund, Robin


Innate Abilities, Weirdness & Mutations

You are small and have problems with some larger weapons.
You are carnivorous and can eat meat at any time.


Message History

Casting: Searing Ray
Confirm with . or Enter, or press ? or * to list all spells.
You don't have enough magic to cast that spell.
Casting: Searing Ray
Confirm with . or Enter, or press ? or * to list all spells.
Aiming: Magic Dart
Press: ? - help, Shift-Dir - straight line, f/p - Edmund
Aim: Edmund, wielding a flail of protection and wearing a scale mail (severely wounded)
The magic dart hits Edmund.
Edmund is severely wounded.
Edmund closely misses you.
You barely miss Edmund.
Edmund is severely wounded.
Edmund hits you with a flail of protection!
* * * LOW HITPOINT WARNING * * *
Edmund hits you with a flail of protection.
* * * LOW HITPOINT WARNING * * *
You feel protected.
Edmund hits you with a flail of protection!
You die...

..#..#..#..##..#.#
#..#..#..####..#.#
#...#...## #..#.#
######### ...#.# .
...#.# .. ...#.# .
###.# .. #.# ...
#@# .... #@# .....
#.# ......###.#
#.........#
#.#########


You could see Edmund.

Vanquished Creatures
  The ghost of KromesxD the Chopper, an amateur CeWn of Elyvilon (D:3)
  2 ogres (D:4)
  2 scorpions (D:4)
  An orc priest (D:4)
  10 orc wizards
  Ijyb (D:4)
  2 worker ants (D:4)
  3 gnolls (D:4)
  5 adders
  A river rat (D:3)
  5 dart slugs
  2 leopard geckos
  7 orcs
  9 bats
  3 giant cockroaches
  11 goblins
  8 hobgoblins
  3 jackals (D:2)
  A quokka (D:4)
  2 ball pythons
  3 frilled lizards
  5 kobolds
  8 rats
95 creatures vanquished.

Notes
Turn   | Place    | Note
-------+----------+-------------------------------------------
     0 | D:1      | pstr the Kobold Conjurer began the quest for the Orb.
     0 | D:1      | Reached XP level 1. HP: 10/10 MP: 3/3
    99 | D:1      | Reached XP level 2. HP: 15/15 MP: 1/5
   146 | D:1      | Learned a level 2 spell: Searing Ray
   761 | D:1      | Reached XP level 3. HP: 19/19 MP: 3/6
  2082 | D:2      | Reached XP level 4. HP: 22/24 MP: 2/7
  2228 | D:2      | Reached skill level 5 in Conjurations
  2980 | D:3      | Noticed Ijyb
  3076 | D:4      | Killed Ijyb
  3076 | D:4      | Reached XP level 5. HP: 15/28 MP: 1/9
  3280 | D:4      | Reached XP level 6. HP: 17/33 MP: 0/11
  3432 | D:4      | Found a staircase to the Ecumenical Temple.
  3444 | Temple   | Entered the Ecumenical Temple
  3491 | Temple   | Became a worshipper of Cheibriados the Contemplative
  3505 | D:4      | Noticed an ogre
  3512 | D:4      | Killed an ogre
  3512 | D:4      | Reached skill level 1 in Fighting
  3588 | D:4      | Found Jeijie's Book Shoppe.
  3625 | D:4      | Reached XP level 7. HP: 38/38 MP: 1/13
  3785 | D:4      | Reached skill level 1 in Short Blades
  3785 | D:4      | Reached skill level 6 in Conjurations
  3834 | D:4      | Noticed Robin
  4162 | D:3      | Noticed KromesxD's ghost (amateur CeWn)
  4170 | D:3      | Killed KromesxD's ghost
  4223 | D:3      | Reached * piety under Cheibriados
  4736 | D:4      | Reached XP level 8. HP: 35/43 MP: 9/15
  4754 | D:4      | Reached skill level 1 in Armour
  4769 | D:4      | Reached skill level 5 in Dodging
  5054 | D:4      | Reached skill level 5 in Spellcasting
  5504 | D:4      | Found a hazy altar of Hepliaklqana.
  5560 | D:4      | Noticed Edmund
  5580 | D:4      | Slain by Edmund

Skill      XL: |  1  2  3  4  5  6  7  8 |
---------------+-------------------------+-----
Stealth        | 3 |  3.9
Conjurations   | 5 6 |  6.6
Spellcasting   | 3 4 5 |  5.1
Dodging        | 3 4 5 |  5.0
Fighting       | 1 |  1.3
Short Blades   | 1 2 |  2.0
Armour         | 1 |  1.5

Action                   |  1- 3 |  4- 6 |  7- 9 || total
-------------------------+-------+-------+-------++-------
Melee: Dagger            |       |    55 |    45 ||   100
 Cast: Magic Dart        |    50 |    42 |    43 ||   135
       Searing Ray       |     9 |    14 |    25 ||    48
  Use: Potion            |       |     3 |     6 ||     9
  Eat: Chunk             |    12 |     6 |     4 ||    22
Armor: Robe              |       |    19 |       ||    19
       Ring mail         |       |     3 |    34 ||    37
Dodge: Dodged            |     6 |    82 |    62 ||   150
